AA
TULSA DRILLERS @ WICHITA AEROS
06/26/1982
 
TOP OF THE 1ST
Tulsa Drillers batting - Pitching for Wichita Aeros : RHP Brent Gaff
Pitching: RHP Brent Gaff
Batting: SHB Paul Householder 0-0: Swinging Strike
0-1: Ball
1-1: Swinging Strike
1-2: Strikes out looking
Batting: RHB Victor Rios 0-0: Ball
1-0: Ball
2-0: Called Strike
2-1: Ball
3-1: Foul Ball, location: 2F
3-2: Foul Ball, location: 2F
3-2: SINGLE (Groundball, 6MD, EV 95.0 MPH)
Batting: LHB Mike Pagliarulo 0-0: Foul Ball, location: 2F
0-1: Ball
1-1: Called Strike
1-2: Ball
2-2: Foul Ball, location: 2F
2-2: SINGLE (Groundball, 34D, EV 105.0 MPH)
Victor Rios to second
Runner from 2nd tries for 3rd, SAFE, no throw by RF
Batting: LHB Jim Adduci 0-0: Called Strike
0-1: Ball
1-1: Grounds into double play, 2-6-3 (Groundball, 2R, EV 71.9 MPH)
Top of the 1st over - 0 runs, 2 hits, 0 errors, 1 left on base; Tulsa 0 - Wichita 0
BOTTOM OF THE 1ST
Wichita Aeros batting - Pitching for Tulsa Drillers : LHP Bob Buchanan
Pitching: LHP Bob Buchanan
Batting: RHB Jordan Ventura 0-0: Ball
1-0: Fly out, F6 (Flyball, 56D, EV 90.6 MPH)
Batting: RHB Greg Cypret 0-0: DOUBLE (Groundball, 5L, EV 107.5 MPH)
Batting: LHB Michael Barnes 0-0: Called Strike
0-1: Ball
1-1: Ball
2-1: Foul Ball, location: 2F
2-2: Strikes out looking
Batting: RHB Dave Hoenstine 0-0: Ball
1-0: Swinging Strike
1-1: Foul Ball, location: 2F
1-2: Foul Ball, location: 2F
1-2: SINGLE (Line Drive, 7S, EV 98.1 MPH)
Greg Cypret to third
Runner from 3rd tries for Home, SAFE, throw by LF to home
Batting: RHB Gary House 0-0: Called Strike
0-1: Ball
1-1: Ball
2-1: Ball
3-1: Base on Balls
Dave Hoenstine to second
Batting: SHB Gary Pettis 0-0: Called Strike
0-1: Ball
1-1: Foul Ball, location: 2F
1-2: Foul Ball, location: 2F
1-2: Strikes out swinging
Bottom of the 1st over - 1 run, 2 hits, 0 errors, 2 left on base; Tulsa 0 - Wichita 1
TOP OF THE 2ND
Tulsa Drillers batting - Pitching for Wichita Aeros : RHP Brent Gaff
Batting: LHB Randy Braun 0-0: Foul Ball, location: 2F
0-1: Swinging Strike
0-2: Fly out, F7 (Flyball, 7LS, EV 96.9 MPH)
Batting: RHB Bob E Johnson 0-0: Foul Ball, location: 2F
0-1: Foul Ball, location: 2F
0-2: Foul Ball, location: 2F
0-2: Strikes out looking
Batting: RHB Don Ruzek 0-0: Ball
1-0: Foul Ball, location: 2F
1-1: Ball
2-1: Fly out, F7 (Flyball, 78D, EV 85.0 MPH)
Top of the 2nd over - 0 runs, 0 hits, 0 errors, 0 left on base; Tulsa 0 - Wichita 1
BOTTOM OF THE 2ND
Wichita Aeros batting - Pitching for Tulsa Drillers : LHP Bob Buchanan
Batting: RHB Tom Dodd 0-0: Foul Ball, location: 2F
0-1: Ball
1-1: Fly out, F8 (Flyball, 8RD, EV 99.4 MPH)
Batting: RHB Victor Mabee 0-0: Foul Ball, location: 2F
0-1: Foul Ball, location: 2F
0-2: Strikes out swinging
Batting: LHB Jesus Ramos 0-0: Called Strike
0-1: Ball
1-1: Swinging Strike
1-2: Ground out 6-3 (Groundball, 6, EV 91.9 MPH)
Bottom of the 2nd over - 0 runs, 0 hits, 0 errors, 0 left on base; Tulsa 0 - Wichita 1
TOP OF THE 3RD
Tulsa Drillers batting - Pitching for Wichita Aeros : RHP Brent Gaff
Batting: RHB Nick Belmonte 0-0: Ground out 5-3 (Groundball, 56, EV 80.6 MPH)
Batting: RHB Onix Concepcion 0-0: Called Strike
0-1: Ground out U3 (Groundball, 34S, EV 83.1 MPH)
Batting: SHB Paul Householder 0-0: Ball
1-0: Foul Ball, location: 2F
1-1: Fly out, F8 (Flyball, 8RM, EV 88.1 MPH)
Top of the 3rd over - 0 runs, 0 hits, 0 errors, 0 left on base; Tulsa 0 - Wichita 1
BOTTOM OF THE 3RD
Wichita Aeros batting - Pitching for Tulsa Drillers : LHP Bob Buchanan
Batting: RHB Jordan Ventura 0-0: Ball
1-0: Called Strike
1-1: Foul Ball, location: 2F
1-2: Fly out, F7 (Flyball, 78M, EV 80.6 MPH)
Batting: RHB Greg Cypret 0-0: Swinging Strike
0-1: Fly out, F9 (Flyball, 89D, EV 106.9 MPH)
Batting: LHB Michael Barnes 0-0: Called Strike
0-1: Foul Ball, location: 2F
0-2: Fly out, F8 (Line Drive, 8RM, EV 98.1 MPH)
Bottom of the 3rd over - 0 runs, 0 hits, 0 errors, 0 left on base; Tulsa 0 - Wichita 1
TOP OF THE 4TH
Tulsa Drillers batting - Pitching for Wichita Aeros : RHP Brent Gaff
Batting: RHB Victor Rios 0-0: Ball
1-0: Ball
2-0: Foul Ball, location: 2F
2-1: Swinging Strike
2-2: Fly out, F8 (Flyball, 78XD, EV 95.6 MPH)
Batting: LHB Mike Pagliarulo 0-0: Called Strike
0-1: Ground out 6-3 (Groundball, 6, EV 101.9 MPH)
Batting: LHB Jim Adduci 0-0: Called Strike
0-1: SINGLE (Groundball, 4MD, EV 102.5 MPH)
Batting: LHB Randy Braun 0-0: Swinging Strike
0-1: Fielders Choice at 2nd, 6-4 (Groundball, 6, EV 107.5 MPH)
Top of the 4th over - 0 runs, 1 hit, 0 errors, 1 left on base; Tulsa 0 - Wichita 1
BOTTOM OF THE 4TH
Wichita Aeros batting - Pitching for Tulsa Drillers : LHP Bob Buchanan
Batting: RHB Dave Hoenstine 0-0: Called Strike
0-1: Ball
1-1: Ball
2-1: Ball
3-1: Base on Balls
Batting: RHB Gary House 0-0: Ball
1-0: Foul Ball, location: 2F
1-1: Called Strike
1-2: Strikes out swinging
Batting: SHB Gary Pettis 0-0: Ball
1-0: Called Strike
1-1: Swinging Strike
1-2: Strikes out swinging
Batting: RHB Tom Dodd 0-0: Ball
1-0: Ball
2-0: Ball
3-0: Called Strike
3-1: Base on Balls
Dave Hoenstine to second
Batting: RHB Victor Mabee 0-0: Ball
1-0: Ball
2-0: Called Strike
2-1: Ball
3-1: Ground out 4-3 (Groundball, 4, EV 103.8 MPH)
Bottom of the 4th over - 0 runs, 0 hits, 0 errors, 2 left on base; Tulsa 0 - Wichita 1
TOP OF THE 5TH
Tulsa Drillers batting - Pitching for Wichita Aeros : RHP Brent Gaff
Batting: RHB Bob E Johnson 0-0: Ball
1-0: Foul Ball, location: 2F
1-1: Fly out, F8 (Flyball, 89XD, EV 95.0 MPH)
Batting: RHB Don Ruzek 0-0: Swinging Strike
0-1: Swinging Strike
0-2: Ball
1-2: Ball
2-2: Ball
3-2: Base on Balls
Batting: RHB Nick Belmonte 0-0: Ball
1-0: Ball
2-0: Ball
3-0: Called Strike
3-1: Foul Ball, location: 2F
3-2: SINGLE (Groundball, 56S, EV 76.9 MPH) (infield hit)
Don Ruzek to second
Batting: RHB Onix Concepcion 0-0: Swinging Strike
0-1: Ball
1-1: Ball
2-1: Fly out, F9 (Flyball, 9, EV 91.9 MPH)
Batting: SHB Paul Householder 0-0: Ball
1-0: Ball
2-0: Ball
3-0: Base on Balls
Don Ruzek to third
Nick Belmonte to second
Batting: RHB Victor Rios 0-0: Ball
1-0: Ground out U3 (Groundball, 3L, EV 88.8 MPH)
Top of the 5th over - 0 runs, 1 hit, 0 errors, 3 left on base; Tulsa 0 - Wichita 1
BOTTOM OF THE 5TH
Wichita Aeros batting - Pitching for Tulsa Drillers : LHP Bob Buchanan
Batting: LHB Jesus Ramos 0-0: Called Strike
0-1: Called Strike
0-2: Ball
1-2: Strikes out swinging
Batting: RHB Jordan Ventura 0-0: Ball
1-0: Swinging Strike
1-1: Ground out 6-3 (Groundball, 6, EV 92.5 MPH)
Batting: RHB Greg Cypret 0-0: Called Strike
0-1: Ball
1-1: Ball
2-1: Swinging Strike
2-2: Foul Ball, location: 2F
2-2: SINGLE (Line Drive, 78S, EV 95.6 MPH)
Batting: LHB Michael Barnes 0-0: Ball
1-0: Foul Ball, location: 2F
1-1: Ball
2-1: Foul Ball, location: 2F
2-2: Foul Ball, location: 2F
2-2: Foul Ball, location: 2F
2-2: Ball
3-2: Foul Ball, location: 2F
3-2: Foul Ball, location: 2F
3-2: DOUBLE (Line Drive, 78D, EV 107.5 MPH)
Greg Cypret to third
Greg Cypret scores
Batting: RHB Dave Hoenstine 0-0: Ball
1-0: Called Strike
1-1: Swinging Strike
1-2: Ball
2-2: Foul Ball, location: 2F
2-2: TRIPLE (Flyball, 9LD, EV 89.4 MPH)
Michael Barnes scores
Batting: RHB Gary House 0-0: Foul Ball, location: 2F
0-1: Swinging Strike
0-2: Ball
1-2: Strikes out looking
Bottom of the 5th over - 2 runs, 3 hits, 0 errors, 1 left on base; Tulsa 0 - Wichita 3
TOP OF THE 6TH
Tulsa Drillers batting - Pitching for Wichita Aeros : RHP Brent Gaff
Batting: LHB Mike Pagliarulo 0-0: Ball
1-0: Foul Ball, location: 2F
1-1: Swinging Strike
1-2: SINGLE (Groundball, 6M, EV 101.9 MPH) (infield hit)
Batting: LHB Jim Adduci 0-0: Ball
1-0: Swinging Strike
Passed Ball!
Mike Pagliarulo to second
1-1: Ball
2-1: Swinging Strike
2-2: Foul Ball, location: 2F
2-2: Ball
3-2: SINGLE (Groundball, 4MD, EV 103.8 MPH)
Mike Pagliarulo to third
Batting: LHB Randy Braun 0-0: Ball
Wild Pitch!
Mike Pagliarulo scores
Jim Adduci to second
1-0: Called Strike
1-1: Foul Ball, location: 2F
1-2: Ball
2-2: Foul Ball, location: 2F
2-2: Fly out, F7 (Flyball, 7, EV 93.8 MPH)
Batting: RHB Bob E Johnson 0-0: Ball
1-0: Fly out, F3 (Popup, 3F, EV 57.5 MPH)
Batting: RHB Don Ruzek 0-0: Ground out 5-3 (Groundball, 56, EV 107.5 MPH)
Top of the 6th over - 1 run, 2 hits, 0 errors, 1 left on base; Tulsa 1 - Wichita 3
BOTTOM OF THE 6TH
Wichita Aeros batting - Pitching for Tulsa Drillers : LHP Bob Buchanan
Batting: SHB Gary Pettis 0-0: Foul Ball, location: 2F
0-1: Ball
1-1: Called Strike
1-2: Ground out 1-3 (Groundball, 34S, EV 68.8 MPH)
Batting: RHB Tom Dodd 0-0: Ground out 4-3 (Groundball, 4, EV 85.0 MPH)
Batting: RHB Victor Mabee 0-0: Foul Ball, location: 2F
0-1: Swinging Strike
0-2: Ground out 4-3 (Groundball, 4, EV 83.8 MPH)
Bottom of the 6th over - 0 runs, 0 hits, 0 errors, 0 left on base; Tulsa 1 - Wichita 3
TOP OF THE 7TH
Tulsa Drillers batting - Pitching for Wichita Aeros : RHP Brent Gaff
Batting: RHB Nick Belmonte 0-0: Ball
1-0: Ball
2-0: Called Strike
2-1: Ground out 5-3 (Groundball, 56, EV 75.6 MPH)
Batting: RHB Onix Concepcion 0-0: Foul Ball, location: 2F
0-1: Ball
1-1: Fly out, F3 (Line Drive, 3, EV 65.0 MPH)
Batting: SHB Paul Householder 0-0: Foul Ball, location: 2F
0-1: Fly out, F8 (Flyball, 8LD, EV 90.6 MPH)
Top of the 7th over - 0 runs, 0 hits, 0 errors, 0 left on base; Tulsa 1 - Wichita 3
BOTTOM OF THE 7TH
Wichita Aeros batting - Pitching for Tulsa Drillers : LHP Bob Buchanan
Batting: LHB Jesus Ramos 0-0: Called Strike
0-1: Ball
1-1: Ball
2-1: Called Strike
2-2: SINGLE (Line Drive, 6D, EV 98.1 MPH)
Batting: RHB Jordan Ventura 0-0: Ball
1-0: Ball
2-0: Bunted foul
2-1: Sac Bunt to 25 - play at first, batter OUT! 5-4
Jesus Ramos to second
Batting: RHB Greg Cypret 0-0: Fly out, F9 (Flyball, 89D, EV 101.3 MPH)
Runner from 2nd tags up, SAFE at 3rd, no throw by RF
Batting: LHB Michael Barnes 0-0: Called Strike
0-1: Ball
1-1: Called Strike
1-2: Ball
2-2: Foul Ball, location: 2F
2-2: Ball
3-2: Ground out 4-3 (Groundball, 4D, EV 84.4 MPH)
Bottom of the 7th over - 0 runs, 1 hit, 0 errors, 1 left on base; Tulsa 1 - Wichita 3
TOP OF THE 8TH
Tulsa Drillers batting - Pitching for Wichita Aeros : RHP Brent Gaff
Batting: RHB Victor Rios 0-0: SINGLE (Groundball, 6MD, EV 95.6 MPH)
Batting: LHB Mike Pagliarulo 0-0: Swinging Strike
0-1: Ball
1-1: Ball
2-1: Foul Ball, location: 2F
2-2: SINGLE (Groundball, 6MD, EV 101.3 MPH)
Victor Rios to second
Runner from 2nd tries for 3rd, SAFE, throw by CF made to third
Batting: LHB Jim Adduci 0-0: Ball
1-0: Foul Ball, location: 2F
1-1: Ball
2-1: Fly out, F8 (Flyball, 8RM, EV 86.9 MPH)
Runner from 3rd tags up, OUT at HOME! 8-2
Mike Pagliarulo to second
Batting: LHB Randy Braun 0-0: Ball
1-0: Called Strike
1-1: Ball
2-1: Ground out 4-3 (Groundball, 4, EV 81.3 MPH)
Top of the 8th over - 0 runs, 2 hits, 0 errors, 1 left on base; Tulsa 1 - Wichita 3
BOTTOM OF THE 8TH
Wichita Aeros batting - Pitching for Tulsa Drillers : LHP Bob Buchanan
Batting: RHB Dave Hoenstine 0-0: Ball
1-0: Ball
2-0: Foul Ball, location: 2F
2-1: Foul Ball, location: 2F
2-2: Ball
3-2: Fly out, F6 (Popup, 6D, EV 45.0 MPH)
Batting: RHB Gary House 0-0: Ball
1-0: Fly out, F8 (Flyball, 8RXD, EV 85.6 MPH)
Batting: SHB Gary Pettis 0-0: Called Strike
0-1: Called Strike
0-2: Foul Ball, location: 2F
0-2: Foul Ball, location: 2F
0-2: SINGLE (Flyball, 8LS, EV 89.4 MPH)
Batting: RHB Tom Dodd 0-0: Ball
1-0: Ball
2-0: Swinging Strike
2-1: SINGLE (Flyball, 5D, EV 98.8 MPH)
Gary Pettis to second
Batting: RHB Victor Mabee 0-0: Ball
1-0: Called Strike
1-1: Ball
2-1: Foul Ball, location: 2F
2-2: Fly out, F5 (Popup, 5SF, EV 70.6 MPH)
Bottom of the 8th over - 0 runs, 2 hits, 0 errors, 2 left on base; Tulsa 1 - Wichita 3
TOP OF THE 9TH
Tulsa Drillers batting - Pitching for Wichita Aeros : RHP Brent Gaff
Pitching: RHP Joey McLaughlin
Batting: RHB Bob E Johnson 0-0: Ball
1-0: Ball
2-0: Called Strike
2-1: Ball
3-1: Called Strike
3-2: Strikes out looking
Batting: RHB Don Ruzek 0-0: Swinging Strike
0-1: Ball
1-1: Ball
2-1: Foul Ball, location: 2F
2-2: SINGLE (Line Drive, 6MD, EV 101.3 MPH)
Pinch Hitting: LHB Casey Parsons 0-0: Ball
1-0: Ball
2-0: SINGLE (Line Drive, 56D, EV 101.9 MPH)
Don Ruzek to second
Pinch Hitting: SHB Luis Quinones 0-0: Ball
1-0: Called Strike
1-1: Foul Ball, location: 2F
1-2: Fly out, F9 (Flyball, 9S, EV 85.6 MPH)
Batting: SHB Paul Householder 0-0: Ball
1-0: Swinging Strike
1-1: Fly out, F8 (Flyball, 78XD, EV 83.8 MPH)
Top of the 9th over - 0 runs, 2 hits, 0 errors, 2 left on base; Tulsa 1 - Wichita 3
Monday, August 10th, 2020 - OOTP Baseball 21.5 Build 76